TOP OF THE 1ST |
Colorado Rockies batting - Pitching for Los Angeles Dodgers : RHP Kevin Gausman
|
Pitching: RHP Kevin Gausman
|
|
Batting: RHB Anthony Alford
|
0-0: Swinging Strike 0-1: Foul Ball, location: 2F 0-2: Strikes out looking
|
Batting: SHB Victor Reyes
|
0-0: Called Strike 0-1: Ball 1-1: Called Strike 1-2: Ground out 6-3 (Groundball, 6, EV 86.9 MPH)
|
Batting: RHB Marty Herum
|
0-0: Ball 1-0: Ball 2-0: SINGLE (Groundball, 56D, EV 102.5 MPH) (infield hit)
|
Batting: LHB Tommy La Stella
|
0-0: Called Strike 0-1: Ground out 3-1 (Groundball, 34S, EV 75.0 MPH)
|
Top of the 1st over - 0 runs, 1 hit, 0 errors, 1 left on base; Colorado 0 - Los Angeles 0 |
BOTTOM OF THE 1ST |
Los Angeles Dodgers batting - Pitching for Colorado Rockies : RHP Aaron Sanchez
|
Pitching: RHP Aaron Sanchez
|
|
Batting: RHB Jose Peraza
|
0-0: Ball 1-0: Foul Ball, location: 2F 1-1: Ground out 6-3 (Groundball, 6, EV 87.5 MPH)
|
Batting: RHB Mookie Betts
|
0-0: Ball 1-0: Ball 2-0: Called Strike 2-1: Foul Ball, location: 2F 2-2: Foul Ball, location: 2F 2-2: Fly out, F6 (Popup, 6MD, EV 63.8 MPH)
|
Batting: RHB Jonathan Schoop
|
0-0: Ball 1-0: Called Strike 1-1: Ground out 6-3 (Groundball, 6, EV 106.9 MPH)
|
Bottom of the 1st over - 0 runs, 0 hits, 0 errors, 0 left on base; Colorado 0 - Los Angeles 0 |
TOP OF THE 2ND |
Colorado Rockies batting - Pitching for Los Angeles Dodgers : RHP Kevin Gausman
|
Batting: RHB Sean Rodriguez
|
0-0: Foul Ball, location: 2F 0-1: Called Strike 0-2: Foul Ball, location: 2F 0-2: Ball 1-2: Foul Ball, location: 2F 1-2: Strikes out swinging
|
Batting: LHB Patrick Mazeika
|
0-0: Swinging Strike 0-1: Ground out 4-3 (Groundball, 4, EV 85.6 MPH)
|
Batting: RHB JaCoby Jones
|
0-0: Swinging Strike 0-1: Ground out 5-3 (Groundball, 56, EV 105.0 MPH)
|
Top of the 2nd over - 0 runs, 0 hits, 0 errors, 0 left on base; Colorado 0 - Los Angeles 0 |
BOTTOM OF THE 2ND |
Los Angeles Dodgers batting - Pitching for Colorado Rockies : RHP Aaron Sanchez
|
Batting: LHB Brian Goodwin
|
0-0: Ball 1-0: Foul Ball, location: 2F 1-1: Swinging Strike 1-2: Foul Ball, location: 2F 1-2: Ball 2-2: Foul Ball, location: 2F 2-2: SINGLE (Groundball, 6MD, EV 109.4 MPH)
|
Batting: RHB Josh Donaldson
|
0-0: Foul Ball, location: 2F 0-1: Ball 1-1: Ball 2-1: Foul Ball, location: 2F 2-2: 2-RUN HOME RUN (Flyball, 8LXD, EV 93.8 MPH), Distance : 453 ft
|
Batting: RHB Randal Grichuk
|
0-0: Fly out, F8 (Flyball, 89M, EV 83.1 MPH)
|
Batting: SHB Justin Smoak
|
0-0: Called Strike 0-1: Ground out 6-3 (Groundball, 4, EV 88.1 MPH)
|
Batting: RHB Evan Gattis
|
0-0: Called Strike 0-1: Foul Ball, location: 2F 0-2: Ball 1-2: Strikes out swinging
|
Bottom of the 2nd over - 2 runs, 2 hits, 0 errors, 0 left on base; Colorado 0 - Los Angeles 2 |
TOP OF THE 3RD |
Colorado Rockies batting - Pitching for Los Angeles Dodgers : RHP Kevin Gausman
|
Batting: RHB Joe DeCarlo
|
0-0: Called Strike 0-1: Ball 1-1: Ball 2-1: Swinging Strike 2-2: SINGLE (Groundball, 4D, EV 113.8 MPH)
|
Batting: RHB Aaron Sanchez
|
0-0: Ball 1-0: Grounds into double play, 4-6-3 (Groundball, 4, EV 106.3 MPH)
|
Batting: RHB Anthony Alford
|
0-0: Ball 1-0: Ball 2-0: Ground out 4-3 (Groundball, 34, EV 80.0 MPH)
|
Top of the 3rd over - 0 runs, 1 hit, 0 errors, 0 left on base; Colorado 0 - Los Angeles 2 |
BOTTOM OF THE 3RD |
Los Angeles Dodgers batting - Pitching for Colorado Rockies : RHP Aaron Sanchez
|
Batting: LHB Kevin Gausman
|
0-0: Ball 1-0: Called Strike 1-1: Ground out 4-3 (Groundball, 4, EV 93.1 MPH)
|
Batting: RHB Jose Peraza
|
0-0: Ground out 6-3 (Groundball, 6, EV 84.4 MPH)
|
Batting: RHB Mookie Betts
|
0-0: Called Strike 0-1: Ball 1-1: Ball 2-1: Ball 3-1: Base on Balls
|
Batting: RHB Jonathan Schoop
|
0-0: Ball 1-0: Ball 2-0: Ball 3-0: Base on Balls Mookie Betts to second
|
Batting: LHB Brian Goodwin
|
0-0: Swinging Strike 0-1: Ball 1-1: Called Strike 1-2: Strikes out swinging
|
Bottom of the 3rd over - 0 runs, 0 hits, 0 errors, 2 left on base; Colorado 0 - Los Angeles 2 |
TOP OF THE 4TH |
Colorado Rockies batting - Pitching for Los Angeles Dodgers : RHP Kevin Gausman
|
Batting: SHB Victor Reyes
|
0-0: Swinging Strike 0-1: Foul Ball, location: 2F 0-2: Ball 1-2: Strikes out swinging
|
Batting: RHB Marty Herum
|
0-0: SINGLE (Groundball, 6MD, EV 98.1 MPH)
|
Batting: LHB Tommy La Stella
|
0-0: Ground out 3-1 (Groundball, 3, EV 83.1 MPH) Marty Herum to second
|
Batting: RHB Sean Rodriguez
|
0-0: Fly out, F6 (Popup, 6D, EV 48.8 MPH)
|
Top of the 4th over - 0 runs, 1 hit, 0 errors, 1 left on base; Colorado 0 - Los Angeles 2 |
BOTTOM OF THE 4TH |
Los Angeles Dodgers batting - Pitching for Colorado Rockies : RHP Aaron Sanchez
|
Batting: RHB Josh Donaldson
|
0-0: Foul Ball, location: 2F 0-1: Called Strike 0-2: Fly out, F8 (Flyball, 8RS, EV 92.5 MPH)
|
Batting: RHB Randal Grichuk
|
0-0: Foul Ball, location: 2F 0-1: Ball 1-1: Fly out, F7 (Flyball, 7LDF, EV 108.1 MPH)
|
Batting: SHB Justin Smoak
|
0-0: Ball 1-0: Swinging Strike 1-1: Foul Ball, location: 2F 1-2: Ball 2-2: Strikes out looking
|
Bottom of the 4th over - 0 runs, 0 hits, 0 errors, 0 left on base; Colorado 0 - Los Angeles 2 |
TOP OF THE 5TH |
Colorado Rockies batting - Pitching for Los Angeles Dodgers : RHP Kevin Gausman
|
Batting: LHB Patrick Mazeika
|
0-0: Called Strike 0-1: Ball 1-1: Foul Ball, location: 2F 1-2: Ground out 4-3 (Groundball, 4, EV 104.4 MPH)
|
Batting: RHB JaCoby Jones
|
0-0: Ball 1-0: Called Strike 1-1: Ball 2-1: Ball 3-1: Fly out, F7 (Flyball, 78M, EV 89.4 MPH)
|
Batting: RHB Joe DeCarlo
|
0-0: Ball 1-0: Ground out 1-3 (Groundball, 13, EV 66.9 MPH)
|
Top of the 5th over - 0 runs, 0 hits, 0 errors, 0 left on base; Colorado 0 - Los Angeles 2 |
BOTTOM OF THE 5TH |
Los Angeles Dodgers batting - Pitching for Colorado Rockies : RHP Aaron Sanchez
|
Batting: RHB Evan Gattis
|
0-0: Swinging Strike 0-1: Ball 1-1: Called Strike 1-2: Strikes out swinging
|
Batting: LHB Kevin Gausman
|
0-0: Called Strike 0-1: Ball 1-1: Ball 2-1: Ball 3-1: SINGLE (Line Drive, 9S, EV 105.0 MPH)
|
Batting: RHB Jose Peraza
|
0-0: Called Strike 0-1: Fielders Choice at 2nd, 1-4 (Groundball, P, EV 60.6 MPH)
|
Batting: RHB Mookie Betts
|
0-0: Ball Jose Peraza is caught stealing 2nd base 2-4
|
Bottom of the 5th over - 0 runs, 1 hit, 0 errors, 0 left on base; Colorado 0 - Los Angeles 2 |
TOP OF THE 6TH |
Colorado Rockies batting - Pitching for Los Angeles Dodgers : RHP Kevin Gausman
|
Batting: RHB Aaron Sanchez
|
0-0: Swinging Strike 0-1: Ball 1-1: Ball 2-1: Ball 3-1: Ground out 5-3 (Groundball, 56S, EV 86.9 MPH)
|
Batting: RHB Anthony Alford
|
0-0: Ball 1-0: Foul Ball, location: 2F 1-1: Called Strike 1-2: Foul Ball, location: 2F 1-2: Fly out, F3 (Popup, 3S, EV 81.3 MPH)
|
Batting: SHB Victor Reyes
|
0-0: Ball 1-0: Ball 2-0: Called Strike 2-1: Ball 3-1: Fly out, F8 (Flyball, 8LD, EV 102.5 MPH)
|
Top of the 6th over - 0 runs, 0 hits, 0 errors, 0 left on base; Colorado 0 - Los Angeles 2 |
BOTTOM OF THE 6TH |
Los Angeles Dodgers batting - Pitching for Colorado Rockies : RHP Aaron Sanchez
|
Batting: RHB Mookie Betts
|
0-0: Swinging Strike 0-1: Swinging Strike 0-2: SINGLE (Line Drive, 78S, EV 93.1 MPH)
|
Batting: RHB Jonathan Schoop
|
0-0: Ball 1-0: Called Strike 1-1: Ball 2-1: Grounds into double play, 5-4-3 (Groundball, 56S, EV 90.6 MPH)
|
Batting: LHB Brian Goodwin
|
0-0: Ball 1-0: Called Strike 1-1: Ball 2-1: Foul Ball, location: 2F 2-2: Ball 3-2: Strikes out looking
|
Bottom of the 6th over - 0 runs, 1 hit, 0 errors, 0 left on base; Colorado 0 - Los Angeles 2 |
TOP OF THE 7TH |
Colorado Rockies batting - Pitching for Los Angeles Dodgers : RHP Kevin Gausman
|
Batting: RHB Marty Herum
|
0-0: Fly out, F8 (Flyball, 78M, EV 90.6 MPH)
|
Batting: LHB Tommy La Stella
|
0-0: Ball 1-0: Fly out, F8 (Flyball, 8RM, EV 92.5 MPH)
|
Batting: RHB Sean Rodriguez
|
0-0: Called Strike 0-1: Ball 1-1: Foul Ball, location: 2F 1-2: Strikes out swinging
|
Top of the 7th over - 0 runs, 0 hits, 0 errors, 0 left on base; Colorado 0 - Los Angeles 2 |
BOTTOM OF THE 7TH |
Los Angeles Dodgers batting - Pitching for Colorado Rockies : RHP Aaron Sanchez
|
Batting: RHB Josh Donaldson
|
0-0: Ball 1-0: SINGLE (Groundball, 4MD, EV 108.8 MPH)
|
Batting: RHB Randal Grichuk
|
0-0: Called Strike 0-1: DOUBLE (Line Drive, 78D, EV 105.6 MPH) Josh Donaldson to third
|
Batting: SHB Justin Smoak
|
0-0: Intentional Walk
|
Batting: RHB Evan Gattis
|
0-0: SINGLE (Flyball, 9LM, EV 93.1 MPH) Josh Donaldson scores Randal Grichuk to third Justin Smoak to second
|
Batting: LHB Kevin Gausman
|
0-0: Ball 1-0: Ball 2-0: Grounds into fielders choice 6-2 (Groundball, 6MS, EV 72.5 MPH) Justin Smoak to third Evan Gattis to second
|
Batting: RHB Jose Peraza
|
0-0: Ball 1-0: Ball 2-0: Swinging Strike 2-1: Swinging Strike 2-2: Strikes out swinging
|
Batting: RHB Mookie Betts
|
0-0: SINGLE (Groundball, 6M, EV 88.8 MPH) (infield hit) Justin Smoak scores Evan Gattis to third Kevin Gausman to second
|
Batting: RHB Jonathan Schoop
|
0-0: Fly out, F7 (Flyball, 78M, EV 92.5 MPH)
|
Bottom of the 7th over - 2 runs, 4 hits, 0 errors, 3 left on base; Colorado 0 - Los Angeles 4 |
TOP OF THE 8TH |
Colorado Rockies batting - Pitching for Los Angeles Dodgers : RHP Kevin Gausman
|
Batting: LHB Patrick Mazeika
|
0-0: Ball 1-0: DOUBLE (Flyball, 8RXD, EV 93.8 MPH)
|
Batting: RHB JaCoby Jones
|
0-0: Swinging Strike 0-1: Fly out, F9 (Line Drive, 9D, EV 105.6 MPH) Runner from 2nd tags up, SAFE at 3rd, no throw by RF
|
Batting: RHB Joe DeCarlo
|
0-0: Called Strike 0-1: Swinging Strike 0-2: Strikes out swinging
|
Pinch Hitting: RHB Mike Trout
|
0-0: Foul Ball, location: 2F 0-1: Ball 1-1: Swinging Strike 1-2: Foul Ball, location: 2F 1-2: Ball 2-2: Foul Ball, location: 2F 2-2: Ball 3-2: Foul Ball, location: 2F 3-2: Ground out 5-3 (Groundball, 56, EV 75.6 MPH)
|
Top of the 8th over - 0 runs, 1 hit, 0 errors, 1 left on base; Colorado 0 - Los Angeles 4 |
BOTTOM OF THE 8TH |
Los Angeles Dodgers batting - Pitching for Colorado Rockies :
|
Pitching: LHP Jeffrey Springs
|
|
Batting: LHB Brian Goodwin
|
0-0: Ball 1-0: Called Strike 1-1: Foul Ball, location: 2F 1-2: Strikes out swinging
|
Batting: RHB Josh Donaldson
|
0-0: Ball 1-0: Foul Ball, location: 2F 1-1: Ball 2-1: Foul Ball, location: 2F 2-2: Ball 3-2: Base on Balls
|
Batting: RHB Randal Grichuk
|
0-0: Fly out, F8 (Flyball, 8LXD, EV 107.5 MPH)
|
Batting: SHB Justin Smoak
|
0-0: Called Strike 0-1: Ball 1-1: Ball 2-1: Ball Wild Pitch! Josh Donaldson to second 3-1: Foul Ball, location: 2F 3-2: Foul Ball, location: 2F 3-2: Foul Ball, location: 2F 3-2: Foul Ball, location: 2F 3-2: Strikes out looking
|
Bottom of the 8th over - 0 runs, 0 hits, 0 errors, 1 left on base; Colorado 0 - Los Angeles 4 |
TOP OF THE 9TH |
Colorado Rockies batting - Pitching for Los Angeles Dodgers : RHP Kevin Gausman
|
Batting: RHB Anthony Alford
|
0-0: Called Strike 0-1: Ball 1-1: Ground out 6-3 (Groundball, 6, EV 88.8 MPH)
|
Batting: SHB Victor Reyes
|
0-0: Called Strike 0-1: Swinging Strike 0-2: Strikes out swinging
|
Batting: RHB Marty Herum
|
0-0: Called Strike 0-1: Ball 1-1: Ball 2-1: Foul Ball, location: 2F 2-2: Ball 3-2: Strikes out looking
|
Top of the 9th over - 0 runs, 0 hits, 0 errors, 0 left on base; Colorado 0 - Los Angeles 4 |
|